 Dungeon Crawl Stone Soup version 0.21.1-1-g345015f (webtiles) character file.

105 zishaf the Cudgeler (level 4, -3/41 HPs)
             Began as a Minotaur Berserker on May 6, 2018.
             Was a Believer of Trog.
             Killed from afar by a white imp (10 damage)
             ... with a puff of frost
             ... summoned by Natasha
             ... on level 2 of the Dungeon.
             The game lasted 00:05:38 (1710 turns).

zishaf the Cudgeler (Minotaur Berserker)            Turns: 1710, Time: 00:05:38

Health: -3/41      AC:  2    Str: 22    XL:     4   Next: 53%
Magic:  3/3        EV: 12    Int:  4    God:    Trog [**....]
Gold:   72         SH:  0    Dex: 10    Spells: 3/3 levels left

rFire    . . .     SeeInvis .   a - +0 mace
rCold    . . .     Gourm    .   (no shield)
rNeg     . . .     Faith    .   b - +0 animal skin
rPois    .         Spirit   .   (helmet restricted)
rElec    .         Reflect  .   (no cloak)
rCorr    .         Harm     .   (no gloves)
MR       .....                  (no boots)
Stlth    ..........             (no amulet)
HPRegen  0.13/turn              h - ring of loudness (curse)
MPRegen  0.08/turn              (no ring)

@: no status effects
A: retaliatory headbutt, horns 2
a: Berserk, Trog's Hand, Burn Spellbooks, Renounce Religion


You were on level 2 of the Dungeon.
You worshipped Trog.
Trog was pleased with you.
You were not hungry.

You visited 1 branch of the dungeon, and saw 2 of its levels.

You collected 72 gold pieces.

Inventory:

Hand Weapons
 a - a +0 mace (weapon)
Armour
 b - a +0 animal skin (worn)
Jewellery
 h - a cursed ring of loudness (left hand)
 j - a cursed ring of wizardry {unknown}
Scrolls
 d - a scroll of immolation {unknown}
 e - 3 scrolls of identify {unknown}
 i - 2 scrolls of enchant armour {unknown}
 l - a scroll of fog {unknown}
Potions
 g - a potion of mutation {unknown}
 k - 2 potions of curing
 m - a potion of resistance {unknown}
Comestibles
 c - 6 rations


   Skills:
 + Level 4.5 Fighting
 * Level 5.2 Maces & Flails
 + Level 3.5 Armour
 - Level 2.1 Dodging


You had 3 spell levels left.
You didn't know any spells.

Dungeon Overview and Level Annotations

Branches:
Dungeon (2/15)

Altars:

Annotations:
D:2 Natasha


Innate Abilities, Weirdness & Mutations

You reflexively headbutt those who attack you in melee.
You have a pair of horns on your head.


Message History

Natasha mumbles some strange words.
Natasha claws you! The white imp gestures at you. The puff of frost hits you!
You hit Natasha.
Natasha is moderately wounded.
Natasha casts a spell.
The white imp gestures at you. The puff of frost hits you!
You closely miss Natasha. Your headbutt misses Natasha.
Natasha is moderately wounded.
Natasha barely misses you. You furiously retaliate!
You headbutt Natasha. Natasha claws you.
* * * LOW HITPOINT WARNING * * *
It was a potion of curing.
You feel better.
Natasha stares at you and mumbles some strange words.
The magic dart hits you!
* * * LOW HITPOINT WARNING * * *
The white imp gestures at you. The puff of frost hits you!
You die...

≈≈≈≈....P.##
#.##............#
≈≈≈≈.#..##.#
#.#<...##..######
#.≈≈..#.P.P#
#.#....###.######
≈≈≈≈.....P##
#.#....'..>.....#
≈≈≈≈...##PP#
#.#...>##.#####.#
≈≈≈≈.##.PP##
#.#.....#.......# #.≈≈..##.##
#.####.########## ..≈≈##.###
#.# #........# ########
#####@# #........# ....#
#.....# #........#
)...########...h5###........#
................5..#........#
.#..........................#
##.............(............#
#...........###'#..........#
#...........# #.#..........#
#...........# #.#..........#


You could see Natasha, a white imp and a shadow imp.

Vanquished Creatures
  Natasha (D:2)
  3 adders (D:2)
  An ooze (D:2)
  3 dart slugs
  A leopard gecko (D:1)
  A ball python (D:1)
  5 bats
  4 giant cockroaches
  4 goblins
  7 hobgoblins (D:1)
  2 kobolds
  3 frilled lizards (D:2)
  9 rats
44 creatures vanquished.

Notes
Turn   | Place    | Note
-------+----------+-------------------------------------------
     0 | D:1      | zishaf the Minotaur Berserker began the quest for the Orb.
     0 | D:1      | Reached XP level 1. HP: 19/19 MP: 0/0
   125 | D:1      | Reached skill level 4 in Maces & Flails
   125 | D:1      | Reached XP level 2. HP: 19/27 MP: 1/1
   349 | D:1      | Reached ** piety under Trog
   469 | D:1      | Reached XP level 3. HP: 33/33 MP: 2/2
   834 | D:2      | Reached XP level 4. HP: 10/41 MP: 3/3
  1455 | D:2      | Noticed Natasha
  1465 | D:2      | Killed Natasha
  1465 | D:2      | Reached skill level 5 in Maces & Flails
  1700 | D:2      | Noticed Natasha
  1710 | D:2      | Killed from afar by a white imp

Skill      XL: |  1  2  3  4 |
---------------+-------------+-----
Maces & Flails | 4 5 |  5.2
Fighting       | 4 |  4.5
Armour         | 3 |  3.5
Dodging        | |  2.1

Action                   |  1- 3 |  4- 6 || total
-------------------------+-------+-------++-------
Melee: Mace              |    54 |    35 ||    89
       Headbutt          |     7 |     9 ||    16
  Use: Potion            |       |     1 ||     1
 Stab: Sleeping          |     1 |       ||     1
  Eat: Chunk             |       |     3 ||     3
Armor: Animal skin       |    14 |     6 ||    20
Dodge: Dodged            |    53 |    23 ||    76
